 Dungeon Crawl Stone Soup version 0.30-a0-263-ge22c4ad894 (webtiles) character file.

Game seed: 10201730150430212067

82844 oldmanjim the Severer (level 15, -20/138 HPs)
             Began as a Hill Orc Fighter on Oct 10, 2022.
             Was the Champion of Beogh.
             Blown up by a lich (47 damage)
             ... with a wavering orb of destruction
             ... in an ice cave on Oct 13, 2022.
             The game lasted 03:21:18 (23898 turns).

oldmanjim the Severer (Hill Orc Fighter)           Turns: 23898, Time: 03:21:18

Health: -20/138    AC: 29    Str: 33    XL:     15   Next: 75%
Magic:  25/26      EV:  7    Int:  6    God:    Beogh [******]
Gold:   1896       SH: 11    Dex:  9    Spells: 14/14 levels left

rFire   + + .      SeeInvis +    a - +9 mace "Odou" {freeze, Contam Will+++ Dex-4 SInv}
rCold   + + .      Faith    +    s - +0 kite shield {rC+}
rNeg    . . .      Spirit   .    M - +2 plate armour {rPois}
rPois   +          Reflect  .    W - +3 hat "Zomedwoach" {Contam rElec rF+ SInv}
rElec   +          Harm     .    v - +1 cloak
rCorr   .          Rampage  .    r - +0 pair of fencer's gloves {Riposte Dex+3}
Will    ++++.                    j - +3 pair of mountain boots {steadfast, rC+}
Stlth   ..........               g - amulet of faith
HPRegen 0.00/turn                Q - ring of protection from fire
MPRegen 0.20/turn                m - +6 ring of strength

@: mighty, about to teleport, spiked, inhibited regen, slowed, very slow
A: walk on water, dopey 1, sense surroundings 1, inhibited regeneration
a: Renounce Religion, Smiting, Recall Orcish Followers, Give Item to Named
Follower, Resurrection


You were in an ice cave.
You worshipped Beogh.
Beogh was exalted by your worship.
You visited 3 branches of the dungeon, and saw 20 of its levels.
You also visited: Gauntlet and Ice Cave.

You collected 1896 gold pieces.

Inventory:

Hand Weapons
 a - the +9 mace "Odou" (weapon) {freeze, Contam Will+++ Dex-4 SInv}
   (You took it off a wight on level 10 of the Dungeon)

   It freezes those it strikes, dealing additional cold damage.
   It can also slow down cold-blooded creatures.
   Dex:       It affects your dexterity (-4).
   SInv:      It lets you see invisible.
   Contam:    It causes magical contamination when unequipped.
   Will:      It greatly increases your willpower.
 o - the +6 long sword of Profit {vorpal, rC+ Will+ Stlth+}
   (You found it on level 12 of the Dungeon)

   It inflicts extra damage upon your enemies.
   rC:        It protects you from cold.
   Will:      It increases your willpower.
   Stlth:     It makes you more stealthy.
 w - a +3 war axe of electrocution
 H - the +9 whip "Vogh" {pain, rPois Str+7 Dex+3 Stlth-}
   (You found it on level 3 of the Dungeon)

   In the hands of one skilled in necromantic magic, it inflicts extra damage on
   living creatures.
   Str:       It affects your strength (+7).
   Dex:       It affects your dexterity (+3).
   rPois:     It protects you from poison.
   Stlth:     It makes you less stealthy.
Missiles
 k - 15 boomerangs (quivered)
 l - 4 silver javelins
 A - 4 throwing nets
 D - 3 curare-tipped darts
Armour
 j - the +3 pair of mountain boots (worn) {steadfast, rC+}
   (You acquired it on level 2 of the Lair of Beasts)

   It prevents involuntary movement, except for blinking, teleportation, or
   banishment.
   rC:        It protects you from cold.
 r - the +0 pair of fencer's gloves (worn) {Riposte Dex+3}
   (You found it on level 5 of the Lair of Beasts)

   It allows the wearer to riposte with melee weapons, swiftly retaliating
   against missed or blocked melee attacks.
   Dex:       It affects your dexterity (+3).
 s - a +0 kite shield of cold resistance (worn)
 v - a +1 cloak (worn)
 M - a +2 plate armour of poison resistance (worn)
 W - the +3 hat "Zomedwoach" (worn) {Contam rElec rF+ SInv}
   (You found it in a Gauntlet)

   rF:        It protects you from fire.
   rElec:     It insulates you from electricity.
   SInv:      It lets you see invisible.
   Contam:    It causes magical contamination when unequipped.
Jewellery
 g - an amulet of faith (around neck)
 m - a +6 ring of strength (right hand)
 E - a ring of resist corrosion
 Q - a ring of protection from fire (left hand)
Wands
 p - a wand of flame (42)
 N - a wand of roots (14)
 T - a wand of mindburst (22)
 V - a wand of acid (3)
 X - a wand of paralysis (11)
Scrolls
 c - a scroll of summoning
 h - 7 scrolls of enchant weapon
 n - 5 scrolls of brand weapon
 q - 2 scrolls of magic mapping
 F - a scroll of immolation
 G - 4 scrolls of poison
 I - 3 scrolls of enchant armour
 P - a scroll of fog
 R - 3 scrolls of silence
 S - a scroll of teleportation
Potions
 b - a potion of haste
 d - 3 potions of might
 e - 3 potions of lignification
 f - 4 potions of curing
 i - 3 potions of resistance
 t - 6 potions of attraction
 x - 6 potions of brilliance
 z - 3 potions of mutation
 C - 2 potions of cancellation
 L - 4 potions of berserk rage
 O - 3 potions of heal wounds
 U - 2 potions of invisibility
 Z - 2 potions of flight
Miscellaneous
 u - a phantom mirror
 y - a phial of floods
 J - a condenser vane
 Y - a condenser vane


   Skills:
 + Level 14.2 Fighting
 + Level 15.7(16.9) Axes
 + Level 8.9(12.2) Maces & Flails
 - Level 12.0 Armour
 + Level 11.2 Shields
 - Level 5.0 Necromancy
 + Level 15.2 Invocations
 - Level 3.0 Evocations


You had 14 spell levels left.
You didn't know any spells.
Your spell library contained the following spells:

 Spells                   Type           Power      Damage    Failure   Level
 Sublimation of Blood     Necr           6%         N/A       75%         2
 Magic Dart               Conj           0%         1d3       99%         1
 Sting                    Tmut/Pois      0%         1d3       99%         1
 Blink                    Tloc           0%         N/A       100%        2
 Call Imp                 Summ           0%         N/A       100%        2
 Ensorcelled Hibernation  Hex/Ice        0%         N/A       100%        2
 Poisonous Vapours        Pois/Air       0%         N/A       100%        2
 Wereblood                Tmut           0%         N/A       100%        2
 Mephitic Cloud           Conj/Pois/Air  0%         N/A       100%        3
 Spider Form              Tmut/Pois      0%         N/A       100%        3
 Summon Guardian Golem    Hex/Summ       0%         N/A       100%        3
 Anguish                  Hex/Necr       1%         N/A       100%        4
 Animate Dead             Necr           6%         N/A       100%        4
 Manifold Assault         Tloc           0%         N/A       100%        4
 Olgreb's Toxic Radiance  Pois           0%         N/A       100%        4
 Summon Forest            Summ/Tloc      0%         N/A       100%        5
 Summon Mana Viper        Hex/Summ       0%         N/A       100%        5
 Summon Cactus Giant      Summ           0%         N/A       100%        6
 Haunt                    Necr/Summ      1%         N/A       100%        7
 Orb of Destruction       Conj           0%         9d5       100%        7
 Spellforged Servitor     Conj/Summ      0%         N/A       100%        7
 Storm Form               Tmut/Air       0%         N/A       100%        7
 Summon Hydra             Summ           0%         N/A       100%        7
 Infestation              Necr           3%         N/A       100%        8
 Chain Lightning          Conj/Air       0%         N/A       100%        9
 Fire Storm               Conj/Fire      0%         5d1       100%        9
 Shatter                  Erth           0%         3d5*      100%        9


Dungeon Overview and Level Annotations

Branches:
Dungeon (14/15)            Temple (0/1) D:5            Lair (5/5) D:10
 Shoals (0/4) Lair:2       Spider (0/4) Lair:2        Slime (0/5) Lair:5
    Orc (1/2) D:9           IceCv (1/1)             Gauntlet (visited)
 Vaults: D:13-14

Altars:
Cheibriados
Dithmenos
Fedhas
Hepliaklqana
Makhleb
Okawaru
Ru
Wu Jian
Xom
Zin
Beogh
Jiyva

Annotations:
IceCv exclusion: obsidian statue


Innate Abilities, Weirdness & Mutations

You can walk on water.
You are dopey. (Int -2)
You passively map a small area around you.
You do not regenerate when monsters are visible.


Message History

* * * LOW HITPOINT WARNING * * *
The seven-headed hydra simulacrum freezes you.
You resist.
* * * LOW HITPOINT WARNING * * *
The seven-headed hydra simulacrum barely misses you.
The seven-headed hydra simulacrum bites you but does no damage. x4
Blink to where?
Press: ? - help, Dir - move target An obsidian statue comes into view.
Found the Anthology of Graupel and Dark Mysteries.
As you read the scroll of blinking, it crumbles to dust.
The obsidian statue's eyes glow briefly.
The obsidian statue attempts to bespell you!
You resist with almost no effort.
The obsidian statue's eyes glow briefly.
Marking area around an obsidian statue as unsafe for travelling.
You block the anaconda simulacrum's attack. x2
You riposte.
You bludgeon the anaconda simulacrum!!
The anaconda simulacrum is severely damaged.
The anaconda simulacrum barely misses you.
You riposte.
You hit the anaconda simulacrum.
The anaconda simulacrum is severely damaged.
You block the anaconda simulacrum's attack.
You riposte.
You thump the anaconda simulacrum!
The anaconda simulacrum vaporises!
Beogh accepts your kill.
You feel much better.
The lich casts a spell.
The lich seems to speed up.
The lich launches a ball of destructive magic.
The obsidian statue's eyes glow briefly.
The red devil hits you from afar with a +0 trident.
* * * LOW HITPOINT WARNING * * *
Barbed spikes become lodged in your body.
An orb of destruction comes into view.
As you read the scroll of teleportation, it crumbles to dust.
You feel strangely unstable.
The hellwing disappears in a puff of smoke!
The wavering orb of destruction hits you!!!
You die... , ##W.###..# #..## #[[# * ##..###### * ###..## , ##.##..# * *##...#W.# #.W..#.n#### * ,* .Z....#.Z.###.### *, * .WZWZ

#..###.°@.#** ,
..ZW
#####WWL...#
.W. *
#.W##..4.# * _p
, ###Z.$##§...#
.
#.'..!)#......
#:#W.Z)#.83...#
,
#⌠#ZZ$##.....##
* #.Z## ..3###
* ##..


You could see a lich (fast), an obsidian statue, 3 freezing wraiths, a sixfirhy
(summoned), a ynoxinul (summoned), a red devil (summoned) and an alligator
simulacrum.

Vanquished Creatures
  A minotaur (Gauntlet)
  5 centaur warriors
  A caustic shrike simulacrum (IceCv)
  6 hydras
  A merfolk avatar (Lair:5)
  2 boulder beetles
  4 two-headed ogres
  A sixfirhy (Gauntlet)
  A spriggan simulacrum (IceCv)
  A wizard (D:9)
  A swamp dragon (shapeshifter) (D:13)
  A deep elf pyromancer (D:13)
  2 ugly things (D:13)
  Pikel (D:4)
  A shining eye (shapeshifter) (D:11)
  3 cyclopes
  11 elephants
  A manticore (Lair:5)
  A guardian serpent (D:12)
  5 cane toads
  3 rime drakes
  4 unseen horrors
  3 ice devils (IceCv)
  2 efreet
  8 komodo dragons
  An anaconda simulacrum (IceCv)
  5 freezing wraiths
  2 hornets
  3 trolls (D:10)
  2 large abominations (Gauntlet)
  10 dream sheep
  A polar bear (Lair:5)
  Grinder (D:5)
  Prince Ribbit (D:5)
  13 blink frogs
  Sigmund (D:2)
  A vampire (D:10)
  3 shadows
  A wraith (D:12)
  4 wyverns
  43 yaks
  3 basilisks
  3 vampire mosquitoes (D:13)
  4 steam dragons
  The ghost of Darkkill the Shooter, an amateur HuHu (D:5)
  A spectral cane toad (Gauntlet)
  10 water moccasins
  2 acid dragons
  Duvessa (D:5)
  6 orc warriors
  2 black bears
  An ettin simulacrum (IceCv)
  4 ice beasts
  3 sky beasts
  An alligator simulacrum (IceCv)
  2 ogres
  5 wolves (Lair:1)
  11 centaurs
  6 kobold brigands
  A gnoll sergeant (D:10)
  11 bullfrogs
  6 scorpions
  3 necrophages
  2 wyvern zombies (D:7)
  4 wights
  Dowan (D:5)
  4 lindwurm simulacra (IceCv)
  8 killer bees (D:9)
  5 howler monkeys
  4 small abominations (Gauntlet)
  An electric eel (D:7)
  2 centaur zombies (D:7)
  2 jellies (D:7)
  A gnoll bouda (D:7)
  A hound (D:6)
  Terence (D:2)
  3 orc priests
  Natasha (thrice) (D:3)
  5 orc wizards
  A killer bee zombie (D:7)
  14 gnolls
  9 adders
  A shadow imp (D:6)
  3 white imps
  4 ufetubi
  2 worms
  2 dart slugs
  24 orcs
  10 endoplasms
  2 giant cockroaches
  3 goblins
  6 hobgoblins
  4 jackals (D:2)
  A quokka (D:3)
  A ball python (D:2)
  5 bats
  4 frilled lizards
  20 kobolds
  3 rats
415 creatures vanquished.

Vanquished Creatures (collateral kills)
  An ettin (D:9)
  A cyclops (D:12)
  9 elephants (Lair:5)
  4 cane toads
  3 komodo dragons
  A kobold demonologist (D:10)
  A rime drake (Lair:5)
  A hornet (D:10)
  7 blink frogs
  A troll (D:10)
  6 dream sheep
  12 yaks
  3 basilisks
  A wyvern (Lair:5)
  A steam dragon (Lair:5)
  An acid dragon (D:10)
  An orc warrior (D:10)
  5 water moccasins
  A centaur (Lair:2)
  2 kobold brigands (D:10)
  3 bullfrogs
  2 scorpions (Lair:2)
  A howler monkey (D:9)
  An orc priest (D:8)
  A gnoll bouda (D:9)
  2 orc wizards
  2 gnolls (D:10)
  2 worms (Lair:2)
  3 orcs
  A giant cockroach (Lair:2)
  3 kobolds
83 creatures vanquished.

Vanquished Creatures (others)
  An orc high priest (Lair:5)
  4 orc warriors
  A wraith (D:13)
  6 orc priests
  6 orc wizards
  20 orcs
  4 kobolds
  33 fungi
  83 plants
158 creatures vanquished.

Grand Total: 656 creatures vanquished

Notes
Turn   | Place    | Note
-------+----------+-------------------------------------------
     0 | D:1      | oldmanjim the Hill Orc Fighter began the quest for the Orb.
     0 | D:1      | Reached XP level 1. HP: 19/19 MP: 1/1
   110 | D:1      | Reached XP level 2. HP: 15/27 MP: 2/2
   174 | D:1      | Found a faded altar of an unknown god.
   801 | D:2      | You fall into a shaft and drop 1 floor!
   826 | D:3      | Noticed Natasha
   837 | D:3      | Killed Natasha
   838 | D:3      | Reached XP level 3. HP: 21/33 MP: 3/3
   914 | D:3      | Noticed Natasha
   923 | D:3      | Killed Natasha
   924 | D:3      | Reached XP level 4. HP: 23/40 MP: 4/4
   929 | D:3      | Noticed Natasha
   932 | D:3      | Killed Natasha
  1116 | D:3      | Identified the +9 whip "Vogh" {pain, rPois Str+7 Dex+3
                  | Stlth-}
  1493 | D:4      | Noticed an ogre
  1497 | D:4      | Killed an ogre
  1498 | D:4      | Reached skill level 1 in Maces & Flails
  1498 | D:4      | Reached skill level 1 in Necromancy
  1498 | D:4      | Reached XP level 5. HP: 4/47 MP: 5/5
  1806 | D:4      | Noticed a lemure
  1810 | D:4      | Noticed Pikel
  1811 | D:4      | Noticed a lemure
  1814 | D:4      | Noticed a lemure
  1816 | D:4      | Noticed a lemure
  1817 | D:4      | Killed Pikel
  1818 | D:4      | Reached skill level 5 in Fighting
  1818 | D:4      | Reached skill level 5 in Axes
  1818 | D:4      | Reached skill level 5 in Shields
  1818 | D:4      | Reached XP level 6. HP: 52/56 MP: 6/6
  1818 | D:4      | Reached XP level 7. HP: 56/61 MP: 7/7
  2296 | D:4      | Became a worshipper of Beogh the Brigand
  2532 | D:4      | Found a hazy altar of Hepliaklqana.
  2690 | D:2      | Noticed Terence
  2695 | D:2      | Killed Terence
  2826 | D:2      | Noticed Sigmund
  2833 | D:2      | Killed Sigmund
  2834 | D:2      | Reached XP level 8. HP: 68/68 MP: 8/8
  3288 | D:5      | Entered Level 5 of the Dungeon
  3416 | D:5      | Reached * piety under Beogh
  3538 | D:5      | Noticed Grinder
  3550 | D:5      | Paralysed by Grinder for 4 turns
  3557 | D:5      | Killed Grinder
  3831 | D:5      | Noticed Duvessa
  3878 | D:5      | Noticed Dowan
  4275 | D:5      | Found a runed translucent gate.
  4275 | D:5      | Noticed Darkkill's ghost (amateur HuHu)
  4276 | D:5      | Found a runed translucent gate.
  4276 | D:5      | Identified the +1 chain mail "Fugug" {Int+2 Dex+4}
  4277 | D:5      | Found a roughly hewn altar of Beogh.
  4277 | D:5      | Found a runed translucent gate.
  4366 | D:5      | Noticed Prince Ribbit
  4373 | D:5      | Killed Prince Ribbit
  4374 | D:5      | Reached skill level 5 in Necromancy
  4380 | D:5      | Reached XP level 9. HP: 42/74 MP: 9/9
  4507 | D:5      | Found a glowing silver altar of Zin.
  4538 | D:5      | Found an ornate altar of the Wu Jian Council.
  4573 | D:5      | Killed Duvessa
  4574 | D:5      | Reached skill level 5 in Maces & Flails
  4578 | D:5      | Killed Dowan
  4617 | D:5      | Found a staircase to the Ecumenical Temple.
  4749 | D:5      | Killed Darkkill's ghost
  4901 | D:6      | Reached skill level 1 in Invocations
  4915 | D:6      | Identified the +1 ring mail of the Skies Above {rF+ rC+}
  5044 | D:6      | Reached ** piety under Beogh
  5837 | D:6      | Upgraded the game from 0.30-a0-223-gcb0039aa0c to
                  | 0.30-a0-241-g1121274140
  6085 | D:7      | Reached skill level 5 in Invocations
  6288 | D:7      | Reached *** piety under Beogh
  6289 | D:7      | Reached XP level 10. HP: 77/83 MP: 13/13
  6460 | D:7      | Found a snail-covered altar of Cheibriados.
  6461 | D:7      | Found a blossoming altar of Fedhas.
  7144 | D:8      | Reached skill level 10 in Shields
  7144 | D:8      | HP: 2/84 [yak (7)]
  7494 | D:8      | Reached skill level 10 in Axes
  7680 | D:8      | Found an iron altar of Okawaru.
  7685 | D:8      | Found a shimmering altar of Xom.
  7714 | D:8      | Gained Herok as an ally
  7841 | D:8      | Reached skill level 5 in Armour
  8389 | D:9      | Found a staircase to the Orcish Mines.
  8397 | D:9      | Reached XP level 11. HP: 89/92 MP: 16/16
  8443 | D:9      | Reached **** piety under Beogh
  8910 | D:9      | Gained Bogfrid as an ally
  8921 | D:9      | Noticed a wizard
  8925 | D:9      | Killed a wizard
  9621 | D:9      | Found the +5 robe of Night {Dark Will+ SInv}
  9672 | D:10     | Entered Level 10 of the Dungeon
  9948 | D:10     | Found a shadowy altar of Dithmenos.
 10151 | D:10     | Noticed a two-headed ogre
 10155 | D:10     | Killed a two-headed ogre
 10177 | D:10     | Found a runed translucent door.
 10205 | D:10     | Noticed a centaur warrior
 10344 | D:10     | Identified the +9 mace "Odou" {freeze, Contam Will+++ Dex-4
                  | SInv}
 10485 | D:10     | Found a sacrificial altar of Ru.
 10580 | D:10     | Found a staircase to the Lair.
 10784 | Lair:1   | Entered Level 1 of the Lair of Beasts
 10937 | Lair:1   | Found a gate leading to a gauntlet.
 10959 | Gauntlet | Entered a Gauntlet
 10959 | Gauntlet | Noticed a death scarab
 10959 | Gauntlet | Found a transporter.
 10959 | Gauntlet | Found a transporter.
 10997 | Gauntlet | Found a runed translucent door.
 11005 | Gauntlet | Found a transporter.
 11009 | Gauntlet | Found a transporter.
 11011 | Gauntlet | Noticed a sixfirhy
 11017 | Gauntlet | Found a transporter.
 11021 | Gauntlet | Found a transporter.
 11029 | Gauntlet | Found a transporter.
 11042 | Gauntlet | Noticed a large abomination
 11046 | Gauntlet | Found a transporter.
 11060 | Gauntlet | Found a transporter.
 11064 | Gauntlet | Found a transporter.
 11072 | Gauntlet | Found a transporter.
 11076 | Gauntlet | Found a transporter.
 11077 | Gauntlet | Noticed a wizard
 11080 | Gauntlet | Noticed a large abomination
 11338 | Gauntlet | Identified the +3 hat "Zomedwoach" {Contam rElec rF+ SInv}
 11406 | Gauntlet | Killed a sixfirhy
 11407 | Gauntlet | Reached XP level 12. HP: 103/103 MP: 19/19
 11462 | Gauntlet | Killed a large abomination
 11463 | Gauntlet | Reached skill level 10 in Invocations
 11714 | Gauntlet | Noticed a minotaur
 11732 | Gauntlet | Killed a minotaur
 12669 | Lair:1   | Gained Rocco as an ally
 14427 | Lair:2   | Found a hole to the Spider Nest.
 14427 | Lair:2   | Noticed a boulder beetle
 14432 | Lair:2   | Your ally Bogfrid died
 14440 | Lair:2   | Killed a boulder beetle
 14695 | Lair:2   | Reached skill level 10 in Armour
 14704 | Lair:2   | Reached skill level 15 in Axes
 14761 | Lair:2   | Reached XP level 13. HP: 48/111 MP: 21/21
 14961 | Lair:2   | Found a staircase to the Shoals.
 15510 | Lair:2   | Identified a scroll of acquirement
 15511 | Lair:2   | Acquired the +3 pair of mountain boots {steadfast, rC+}
 15511 | Lair:2   | Found the +3 pair of mountain boots {steadfast, rC+}
 16122 | Lair:3   | Your ally Herok died
 16131 | Lair:3   | Reached ***** piety under Beogh
 17377 | Lair:5   | Entered Level 5 of the Lair of Beasts
 17381 | Lair:5   | Identified the +1 robe of the Charred Turtledove {Will+}
 17399 | Lair:5   | Reached skill level 10 in Fighting
 17426 | Lair:5   | Found the +0 pair of fencer's gloves {Riposte Dex+3}
 17936 | Lair:4   | Upgraded the game from 0.30-a0-241-g1121274140 to
                  | 0.30-a0-242-g7bf8e6d787
 17969 | Lair:5   | Reached skill level 1 in Evocations
 18714 | Lair:5   | Reached XP level 14. HP: 93/122 MP: 20/23
 19251 | Lair:5   | Reached XP level 15. HP: 136/136 MP: 24/24
 19365 | Lair:5   | Found a viscous altar of Jiyva.
 19365 | Lair:5   | Found a staircase to the Slime Pits.
 19861 | D:10     | Upgraded the game from 0.30-a0-242-g7bf8e6d787 to
                  | 0.30-a0-250-g41c1d76940
 19907 | Orc:1    | Entered Level 1 of the Orcish Mines
 20052 | Orc:1    | Found a burning altar of Makhleb.
 20736 | D:11     | Gained mutation: You do not regenerate when monsters are
                  | visible. [a shining eye]
 20737 | D:11     | Gained mutation: You are dopey. (Int -2) [a shining eye]
 20739 | D:11     | Gained mutation: You passively map a small area around you.
                  | [a shining eye]
 21121 | D:12     | Gained Ogrik as an ally
 21300 | D:12     | Identified the +6 long sword of Profit {vorpal, rC+ Will+
                  | Stlth+}
 22103 | D:13     | Your ally Ogrik died
 22116 | D:13     | Upgraded the game from 0.30-a0-250-g41c1d76940 to
                  | 0.30-a0-263-ge22c4ad894
 22892 | D:13     | Reached skill level 15 in Invocations
 22913 | D:13     | Gained Koronagh as an ally
 23205 | D:14     | Found a frozen archway.
 23218 | IceCv    | Entered an ice cave
 23654 | IceCv    | Reached ****** piety under Beogh
 23814 | IceCv    | Found an ancient bone altar of Kikubaaqudgha.
 23893 | IceCv    | Noticed a lich
 23898 | IceCv    | Blown up by a lich

Illustrated notes

Levels and vault maps discovered:
D:1:      dpeg_arrival_ternary, layout_rooms,
          shapermc_ecumenical_altar_totnotflames, serial_park_tiny_pond
D:2:      layout_loops_ring, uniq_terence, uniq_sigmund
D:3:      layout_basic, amcnicky_mini_corridor_feature, hex_tiny, uniq_natasha
D:4:      layout_loops_corners, nicolae_hepliaklqana_hippocampus,
          chequers_serial_rivers_small_a, uniq_pikel
D:5:      layout_basic, zin_statuary, lemuel_round_altar,
          minmay_temple_entry_trees, biasface_ghost_orc_armoury, hex_large,
          minmay_misc_feat_chi, uniq_duvessa, uniq_grinder, uniq_prince_ribbit1
D:6:      layout_loops_ring, minivault_5, hangedman_decor_push
D:7:      layout_gridville, chequers_temple_overflow_statue_of_worship,
          serial_undead, serial_undead_c, serial_undead_e, serial_undead_b,
          serial_undead_f, kennysheep_generic_room_12
D:8:      layout_loops_ring, nicolae_overflow_hidden_temple, minmay_checkerbox
D:9:      kennysheep_blocky_room, layout_basic, david_orc_2, ldierk_geyser,
          hellmonk_guarded_unrand_night
D:10:     layout_irregular_city, kennysheep_little_box,
          nicolae_dithmenos_through_a_glass_darkly,
          grunt_lair_entry_orc_guard_hut, grunt_decor_junction,
          minmay_st_funbox, patterned_corridor
D:11:     minmay_distorted_concentric_squares, layout_loops_cross
D:12:     layout_roguey, fake_guardian_serpent_vault
D:13:     layout_roguey
D:14:     layout_grid_maze, grunt_vaults_entry_fortified,
          portal_ice_cave_entry_pillars_1
Lair:1:   layout_layer_cave, gauntlet_entry_generic, grunt_megastairs_5,
          serial_bayou_shore_b
Lair:2:   layout_loops_ring, minmay_shoals_entry_centaurs,
          nicolae_spider_entry_non_spiders
Lair:3:   layout_cave_pods, cheibrodos_lair_reptile_den, grunt_megastairs_4
Lair:4:   layout_gridlike
Lair:5:   gammafunk_lair_ancient_temple, layout_hall_layers,
          dpeg_slime_entry_enclosed, serial_bayou_pond_c, lookout_lair_type,
          lemuel_fruit_fields, lemuel_fruit_tree
Orc:1:    layout_caves, basic_altar, nicolae_orc_tapped_out
IceCv:    ice_cave_small_necro

Skill      XL: |  1  2  3  4  5  6  7  8  9 10 11 12 13 14 15 |
---------------+----------------------------------------------+-----
Axes           | 3 4 5 6 7 9 11 13 15 | 15.7
Fighting       | 4 5 6 7 8 9 10 13 14 | 14.2
Armour         | 4 5 7 10 12 | 12.0
Shields        | 4 5 7 8 10 11 | 11.2
Maces & Flails | 1 2 3 4 5 8 |  8.9
Necromancy     | 1 3 5 |  5.0
Invocations    | 5 7 9 11 12 13 15 | 15.2
Evocations     | 3 |  3.0

Action                   |  1- 3 |  4- 6 |  7- 9 | 10-12 | 13-15 || total
-------------------------+-------+-------+-------+-------+-------++-------
Melee: War axe           |    74 |     2 |       |       |       ||    76
       Whip              |       |    29 |   318 |   621 |   429 ||  1397
       Mace              |       |       |       |       |   169 ||   169
Throw: Boomerang         |       |       |     7 |    15 |    72 ||    94
       Stone             |       |       |       |     2 |       ||     2
       Dart              |       |       |       |     8 |    41 ||    49
Invok: Convert to Beogh  |       |       |     1 |       |       ||     1
       Smiting           |       |       |       |    11 |     9 ||    20
       Recall Orcish Fol |       |       |       |     1 |     3 ||     4
       Give Item to Name |       |       |       |       |     1 ||     1
Evoke: Wand              |       |       |     1 |       |     3 ||     4
  Use: Scroll            |       |       |    18 |     5 |    12 ||    35
       Potion            |       |       |       |     2 |     3 ||     5
 Stab: Distracted        |       |       |       |     2 |     6 ||     8
       Confused          |       |       |       |       |     1 ||     1
Armor: Scale mail        |    33 |     9 |    12 |       |       ||    54
       Chain mail        |       |       |    90 |    39 |       ||   129
       Plate armour      |       |       |       |   197 |   435 ||   632
Dodge: Dodged            |    27 |     7 |    58 |   133 |   168 ||   393
Block: Buckler           |    12 |     5 |       |       |       ||    17
       Kite shield       |       |     4 |   134 |   290 |   354 ||   782
       Rpst.: Mace       |       |       |       |       |    55 ||    55
       Whip              |       |       |       |       |    24 ||    24

Table legend: (Time is in decaauts)
 A = Elapsed time spent in this place.
 B = Non-inter-level travel time spent in this place.
 C = Inter-level travel time spent in this place.
 D = Time resting spent in this place.
 E = Time spent auto-exploring this place.
 F = Levels seen in this place.
 G = Mean time per level.
                   A        B        C        D        E       F      G
               +--------+--------+--------+--------+--------+-----+--------+
         Total |  23719 |  22721 |    998 |   4448 |  13026 |  22 | 1078.1 |
       Dungeon |  14002 |  13235 |    767 |   2029 |   8030 |  14 | 1000.1 |
          Lair |   7782 |   7552 |    230 |   1667 |   4617 |   5 | 1556.4 |
  Orcish Mines |    350 |    350 |      0 |      0 |    105 |   1 |  350.0 |
      Ice Cave |    682 |    682 |      0 |    429 |     16 |   1 |  682.0 |
      Gauntlet |    902 |    902 |      0 |    322 |    258 |   1 |  902.0 |
               +--------+--------+--------+--------+--------+-----+--------+

Top non-repeatable levels by time:
  Lair:1: 2694 daAuts
     D:9: 1669 daAuts
  Lair:5: 1432 daAuts
     D:7: 1399 daAuts
  Lair:4: 1392 daAuts
    D:10: 1391 daAuts
     D:5: 1379 daAuts
  Lair:2: 1195 daAuts
     D:4: 1157 daAuts
  Lair:3: 1068 daAuts
    D:12: 1049 daAuts
    D:13: 972 daAuts
     D:6: 946 daAuts
     D:3: 919 daAuts
     D:8: 906 daAuts
